 Dungeon Crawl Stone Soup version 0.27.1-3-gb3d3a73c9e (console) character file.

Game seed: 12629304950741120606

56298 Banquo the Blocker (level 15, -4/120 HPs)
             Began as a Djinni Hunter on Oct 9, 2021.
             Was a Priest of Ashenzari.
             Slain by Jorgrun (5 damage)
             ... on level 1 of the Orcish Mines on Oct 10, 2021.
             The game lasted 01:53:23 (34084 turns).

Banquo the Blocker (Djinni Hunter)                 Turns: 34084, Time: 01:53:26

Health: -4/120     AC: 11    Str: 11    XL:     15   Next: 21%
Gold:   571        EV: 15    Int: 17    God:    Ashenzari [***...] SH: 13 Dex: 16

rFire    + + .     SeeInvis +   b - +10 whip {vorpal, rElec}
rCold    . . .     Faith    .   i - +0 kite shield
rNeg     . . .     Spirit   .   O - +2 robe {rC+}
rPois    ∞         Reflect  .   h - +0 helmet "Ruined Scepticism" {Range, Self} (curse)
rElec    +         Harm     .   e - scarf {repulsion}
rCorr    .         Rampage  .   g - +0 pair of gloves "Cursed Malaise" {Self, Range} (curse)
Will     ++...     Clarity  +   (boots unavailable)
Stlth    ++........             T - amulet of Desmomancy {Regen+, Self, Fort} (curse)
HPRegen  1.30/turn              A - ring of Ashenzari's Absolutism {Will+, Cun, Fort} (curse)
MPRegen  0.00/turn              G - ring of Supernal Knowledge {AC+4, Self, Melee} (curse)

@: grasped by roots, flying, constricted, studying Staves, repel missiles
A: sickness immunity, fire resistance 2, cold vulnerability 1, float, innate
caster, hp casting, extra vitality 1
a: Renounce Religion, Curse Item, Shatter the Chains


You were on level 1 of the Orcish Mines.
You worshipped Ashenzari.
Ashenzari was most pleased with you.
You visited 3 branches of the dungeon, and saw 19 of its levels.
You also visited: Sewer.

You collected 1370 gold pieces.
You spent 799 gold pieces at shops.

Inventory:

Hand Weapons
 a - the +6 mace of the Foremost Seas {elec, Str+4 Dex+4 SInv}
   (You found it on level 6 of the Dungeon)

   It occasionally discharges a powerful burst of electricity upon striking a
   foe.
   Str:       It affects your strength (+4).
   Dex:       It affects your dexterity (+4).
   SInv:      It lets you see invisible.
 b - the +10 whip of a wizard's laboratory (weapon) {vorpal, rElec}
   (You found it on level 5 of the Dungeon)

   It inflicts extra damage upon your enemies.
   rElec:     It insulates you from electricity.
 y - the +8 whip "Snakebite" {venom, curare, rPois}
   (You found it on level 1 of the Lair of Beasts)

   It poisons the flesh of those it strikes.
   It occasionally inflicts asphyxiating poison on those it strikes, dealing
   poison damage and causing slowness.
   rPois:     It protects you from poison.
Missiles
 c - 6 javelins
 l - 21 boomerangs
 p - 3 throwing nets
 H - 84 poisoned darts (quivered)
 Y - 6 silver javelins
Armour
 e - a scarf of repulsion (worn)
 g - the cursed +0 pair of gloves "Cursed Malaise" (worn) {Self, Range}
   (You found it on level 2 of the Dungeon)

   It has a curse which improves the following skills: Introspection: Fighting
   and Spellcasting.
   Ranged Combat: Slings, Bows, Crossbows and Throwing.
 h - the cursed +0 helmet "Ruined Scepticism" (worn) {Range, Self}
   (You found it in a sewer)

   It has a curse which improves the following skills: Ranged Combat: Slings,
   Bows, Crossbows and Throwing.
   Introspection: Fighting and Spellcasting.
 i - a +0 kite shield (worn)
 x - a +0 troll leather armour
 z - a +2 helmet
 O - a +2 robe of cold resistance (worn)
 U - the +0 pair of gloves of the Circus Animal {rF+ Str+2}
   (You bought it in a shop on level 7 of the Dungeon)

   Str:       It affects your strength (+2).
   rF:        It protects you from fire.
Jewellery
 A - the cursed ring of Ashenzari's Absolutism (left hand) {Will+, Cun, Fort}
   (You found it on level 4 of the Dungeon)

   [ring of willpower]

   Will:      It increases your willpower.
   It has a curse which improves the following skills: Cunning: Dodging and
   Stealth.
   Fortitude: Armour and Shields.
 G - the cursed ring of Supernal Knowledge (right hand) {AC+4, Self, Melee}
   (You found it in a sewer)

   [ring of protection]

   AC:        It affects your AC (+4).
   It has a curse which improves the following skills: Introspection: Fighting
   and Spellcasting.
   Melee Combat: Short Blades, Long Blades, Axes, Maces & Flails, Polearms,
   Staves and Unarmed Combat.
 T - the cursed amulet of Desmomancy (around neck) {Regen+, Self, Fort}
   (You bought it in a shop on level 6 of the Dungeon)

   [amulet of regeneration]

   Regen:     It increases your rate of health regeneration.
   It has a curse which improves the following skills: Introspection: Fighting
   and Spellcasting.
   Fortitude: Armour and Shields.
Wands
 D - a wand of digging (5)
 M - a wand of iceblast (18)
Scrolls
 d - 2 scrolls of holy word
 m - 3 scrolls of magic mapping
 o - 9 scrolls of teleportation
 s - 3 scrolls of blinking
 E - a scroll of summoning
 K - 8 scrolls of fog
Potions
 k - 2 potions of might
 n - 4 potions of brilliance
 r - a potion of haste
 t - 2 potions of berserk rage
 B - 8 potions of curing
 C - 4 potions of heal wounds
 F - a potion of ambrosia
 I - 2 potions of invisibility
 P - 3 potions of cancellation
 S - a potion of resistance
Miscellaneous
 f - a phantom mirror


   Skills:
 - Level 10.7(15.0) Fighting
 - Level 8.1(10.0) Maces & Flails
 - Level 3.2(5.8) Throwing
 * Level 4.8(7.6) Armour
 * Level 8.9(10.7) Dodging
 - Level 0.7(1.6) Stealth
 - Level 13.4(15.9) Shields
 - Level 10.7(15.0) Spellcasting


You had 19 spell levels left.
You knew the following spells:

 Your Spells              Type           Power      Damage    Failure   Level
a - Animate Skeleton      Necr           100%       N/A       0%          1
b - Animate Dead          Necr           29%        N/A       1%          4
c - Simulacrum            Ice/Necr       29%        N/A       1%          6
g - Summon Guardian Gole  Hex/Summ       59%        N/A       1%          3
i - Alistair's Intoxicat  Tmut/Pois      39%        N/A       1%          5
l - Summon Lightning Spi  Summ/Air       59%        N/A       1%          4
B - Blink                 Tloc           N/A        N/A       0%          2
Your spell library was empty.

Dungeon Overview and Level Annotations

Branches:
Dungeon (12/15)            Temple (0/1) D:6            Lair (6/6) D:9
  Swamp (0/4) Lair:2       Spider (0/4) Lair:3        Slime (0/5) Lair:6
    Orc (1/2) D:9           Sewer (visited)

Altars:
Ashenzari
Cheibriados
Fedhas
Gozag
Hepliaklqana
Makhleb
Qazlal
Ru
Vehumet
Wu Jian
Xom

Shops:
D:5 *   D:6 *   D:7 [

Portals:
Trove: D:11 (give 8 potions of haste)

Annotations:
D:2 Sigmund
D:4 1 runed translucent door, Crazy Yiuf
Lair:5 1 runed translucent door, Vig Uhad's ghost, journeyman OpTm
Orc:1 Jorgrun


Innate Abilities, Weirdness & Mutations

You are immune to sickness and miasma.
You are immune to poison.
Your flesh is very heat resistant. (rF++)
You are vulnerable to cold. (rC-)
You float through the air rather than walking.
You learn spells naturally, not from books.
Your magical power is your life essence.
You have superior vitality. (+4 HP)


Message History

Your lightning spire is engulfed in blazing flames.
You whack Jorgrun!
Jorgrun is severely wounded.
You are engulfed in blazing flames.
You resist.
* * * LOW HITPOINT WARNING * * *
Jorgrun gestures at you while chanting.
The iron shot is repelled.
The grasping roots constrict you.
* * * LOW HITPOINT WARNING * * *
You hit Jorgrun.
Jorgrun is severely wounded.
You are engulfed in blazing flames.
You resist.
* * * LOW HITPOINT WARNING * * *
An orc wizard comes into view. It is wielding a +0 dagger.
Your lightning spire shoots out a bolt of lightning at Jorgrun!
The bolt of electricity misses Jorgrun.
An orc comes into view. It is wielding a +0 war axe.
You completely miss Jorgrun.
Jorgrun is severely wounded.
You are engulfed in blazing flames.
You resist.
* * * LOW HITPOINT WARNING * * *
Jorgrun hits you with a +0 vorpal quarterstaff!
* * * LOW HITPOINT WARNING * * *
x2 The grasping roots constrict you!
* * * LOW HITPOINT WARNING * * *
An orc warrior comes into view. It is wielding a +0 glaive.
Press: ? - help, v - describe, . - travel, g - get item
Here: Jorgrun, wielding a +0 vorpal quarterstaff and wearing a +0 robe (severely wounded, ally target)
Items here: a +0 dagger; a +0 robe.
The floor, spattered with blood.
Unknown command.
Unknown command.
Unknown command.
You feel much better.
You are engulfed in blazing flames.
You resist.
* * * LOW HITPOINT WARNING * * *
Your lightning spire is engulfed in blazing flames.
Your lightning spire shoots out a bolt of lightning at Jorgrun!
The bolt of electricity misses Jorgrun.
Jorgrun hits you with a +0 vorpal quarterstaff!
* * * LOW HITPOINT WARNING * * *
You die...

..#.#....###....#.
,
.....#...#.......#
*#o............##
, ,
#.o.............,
,
##...#)).........,
#..o#.#.....)....,
*#.#.#.))......$.
#....○88..))...
,,,
#....@g°..o)#.. ,
##.....§.)..o#., ,
###.....##.#o. ,
#........#.. *
#######... , , *
.# . ,* , * ,


You could see Jorgrun (ally target), 2 orc warriors, an orc wizard (invisible),
2 orcs, a friendly guardian golem (summoned) and a friendly lightning spire
(summoned, sheltered).

Vanquished Creatures
  Kirke (D:11)
  Fannar (Lair:2)
  6 hydras
  2 catoblepae (Lair:6)
  3 bog bodies (Lair:2)
  2 deep elf zephyrmancers (D:12)
  A lindwurm (Lair:6)
  Pikel (D:5)
  2 deep elf pyromancers (D:12)
  A manticore (D:11)
  4 elephants
  12 black mambas
  2 gargoyles
  13 cane toads
  2 torpor snails (Lair:6)
  A rime drake (shapeshifter) (D:11)
  A rime drake (Lair:5)
  9 komodo dragons
  4 trolls
  7 dream sheep (Lair:5)
  2 blink frogs (Lair:6)
  A shadow (D:12)
  2 vampires
  3 wraiths
  3 basilisks
  4 wyverns
  A yak (shapeshifter) (D:9)
  55 yaks
  A steam dragon (D:6)
  A swamp worm (Lair:2)
  19 water moccasins
  2 hornet zombies
  3 sky beasts
  7 orc warriors
  A black bear (D:6)
  2 ice beasts
  5 necrophages
  10 wolves
  2 ogres
  9 centaurs
  3 lemures
  A phantom (D:7)
  5 kobold brigands
  12 bullfrogs
  2 gnoll sergeants
  2 wyvern zombies
  A scorpion (D:5)
  3 electric eels
  10 wights
  A bullfrog zombie (D:5)
  4 centaur zombies
  6 hounds
  A jelly (D:8)
  4 orc priests (D:9)
  A bullfrog skeleton (D:6)
  A gnoll shaman (D:6)
  4 iguanas
  6 orc wizards
  13 gnolls
  A howler monkey skeleton (D:7)
  9 adders
  3 white imps
  2 ufetubi
  7 worms
  4 dart slugs
  36 orcs
  7 bats
  8 endoplasms
  2 giant cockroaches
  7 hobgoblins
  2 jackals (Sewer)
  5 quokkas
  4 ball pythons
  4 frilled lizards
  4 goblins
  42 kobolds
  9 rats
444 creatures vanquished.

Vanquished Creatures (collateral kills)
  3 hydras
  A boulder beetle (Lair:3)
  A catoblepas (Lair:6)
  A two-headed ogre (D:10)
  Sonja (Lair:5)
  A lindwurm (Lair:6)
  2 deep elf zephyrmancers (D:12)
  An orb spider (Lair:3)
  A deep elf pyromancer (D:12)
  4 elephants
  A manticore (Lair:6)
  A black mamba (Lair:6)
  An eye of devastation (Lair:6)
  A centaur zombie (D:10)
  A cane toad (Lair:3)
  2 komodo dragons
  2 rime drakes (Lair:6)
  2 trolls
  3 dream sheep (Lair:3)
  3 blink frogs (Lair:6)
  A wyvern (Lair:3)
  4 yaks
  A hog (D:11)
  A basilisk (Lair:3)
  2 water moccasins (Lair:6)
  A floating eye (Lair:6)
  2 orc warriors
  Purgy (Sewer)
  A black bear (Lair:3)
  2 wolves
  3 orc wizards (Orc:1)
  12 orcs
  A goblin (D:10)
65 creatures vanquished.

Vanquished Creatures (others)
  Snorg (Lair:5)
  2 hydras
  A deep elf pyromancer (D:12)
  An orc knight (Orc:1)
  A manticore (Lair:6)
  2 elephants (Lair:5)
  A cane toad (Lair:6)
  A rime drake (Lair:6)
  A dream sheep (Lair:3)
  2 orc warriors (Orc:1)
  An orc (Orc:1)
  40 fungi
  32 plants
  4 toadstools (D:7)
  A withered plant (D:7)
91 creatures vanquished.

Grand Total: 600 creatures vanquished

Notes
Turn   | Place    | Note
-------+----------+-------------------------------------------
     0 | D:1      | Banquo the Djinni Hunter began the quest for the Orb.
     0 | D:1      | Reached XP level 1. HP: 18/18 MP: 0/0
   540 | D:1      | Reached XP level 2. HP: 23/23 MP: 0/0
   739 | D:1      | Found a faded altar of an unknown god.
   742 | D:1      | Reached skill level 1 in Spellcasting
  1314 | D:1      | Reached XP level 3. HP: 29/29 MP: 0/0
  1314 | D:1      | Learned a level 1 spell: Animate Skeleton
  1383 | D:1      | Found a faded altar of an unknown god.
  2658 | D:2      | Noticed Sigmund
  2898 | D:2      | Reached XP level 4. HP: 16/35 MP: 0/0
  3676 | D:3      | Reached XP level 5. HP: 32/41 MP: 0/0
  3676 | D:3      | Learned a level 2 spell: Blink
  5720 | D:4      | Reached XP level 6. HP: 36/48 MP: 0/0
  5884 | D:4      | Found a runed translucent door.
  5885 | D:4      | Noticed Crazy Yiuf
  6068 | D:4      | Found a broken altar of Ashenzari.
  6074 | D:4      | Became a worshipper of Ashenzari the Shackled
  6268 | D:4      | Found a broken altar of Ashenzari.
  6599 | D:5      | Entered Level 5 of the Dungeon
  6599 | D:5      | Noticed Pikel
  6709 | D:5      | Identified the +10 whip of a wizard's laboratory {vorpal,
                  | rElec}
  6890 | D:5      | Reached skill level 5 in Fighting
  6901 | D:5      | Found Zosats's Serpentskin Sales.
  6901 | D:5      | Noticed a water moccasin
  6910 | D:5      | Killed a water moccasin
  6911 | D:5      | Reached XP level 7. HP: 31/55 MP: 0/0
  6911 | D:5      | Learned a level 3 spell: Summon Guardian Golem
  7572 | D:5      | Found a sacrificial altar of Ru.
  7838 | D:5      | Killed Pikel
  7839 | D:5      | Reached XP level 8. HP: 37/66 MP: 0/0
  8632 | D:5      | Found a sacrificial altar of Ru.
  8768 | D:5      | Found Zosats's Serpentskin Sales.
  9362 | D:6      | Reached XP level 9. HP: 49/73 MP: 0/0
  9362 | D:6      | Learned a level 4 spell: Animate Dead
  9375 | D:6      | Found a glowing drain.
  9466 | Sewer    | Entered a sewer
  9516 | Sewer    | Noticed Purgy
  9548 | Sewer    | Killed Purgy
  9851 | D:6      | Reached skill level 1 in Maces & Flails
  9944 | D:6      | Identified the +6 mace of the Foremost Seas {elec, Str+4
                  | Dex+4 SInv}
 10055 | D:6      | Found Rnurusav's Retail Resort.
 10321 | D:6      | Found a staircase to the Ecumenical Temple.
 10329 | D:6      | Found a broken altar of Ashenzari.
 10433 | D:6      | Reached skill level 5 in Spellcasting
 10610 | D:6      | Reached XP level 10. HP: 65/80 MP: 0/0
 10691 | D:6      | Reached * piety under Ashenzari
 10839 | D:6      | Found a staircase to the Ecumenical Temple.
 10849 | D:6      | Found a broken altar of Ashenzari.
 10890 | D:6      | Found Rnurusav's Retail Resort.
 11447 | D:7      | Reached skill level 1 in Shields
 11501 | D:7      | Reached skill level 5 in Maces & Flails
 11708 | D:7      | Found Zilo's Antique Armour Shop.
 12658 | D:7      | Found Zilo's Antique Armour Shop.
 13154 | D:7      | Bought an encrusted leather armour for 161 gold pieces
 13154 | D:7      | Identified the +3 leather armour of Melancholy {Harm rC+
                  | Will- Slay+2} (You bought it in a shop on level 7 of the
                  | Dungeon)
 13392 | D:8      | Reached ** piety under Ashenzari
 13603 | D:8      | Reached skill level 2 in Shields
 15004 | D:9      | Reached XP level 11. HP: 89/89 MP: 0/0
 15004 | D:9      | Learned a level 4 spell: Summon Lightning Spire
 15148 | D:9      | Reached skill level 3 in Shields
 15234 | D:9      | Found a staircase to the Lair.
 15386 | D:9      | Reached skill level 1 in Armour
 15746 | D:9      | Reached skill level 4 in Shields
 15841 | D:9      | Found a staircase to the Orcish Mines.
 15993 | D:9      | Found a stormy altar of Qazlal.
 16063 | D:9      | Found a stormy altar of Qazlal.
 16137 | D:9      | Found a staircase to the Orcish Mines.
 16316 | D:9      | Found a staircase to the Lair.
 16507 | Lair:1   | Entered Level 1 of the Lair of Beasts
 16602 | Lair:1   | Reached *** piety under Ashenzari
 16654 | Lair:1   | Reached skill level 5 in Shields
 17203 | Lair:1   | Identified the +7 flail of Hatred {freeze, rElec rN+++
                  | Int-4}
 17580 | Lair:1   | Reached skill level 6 in Shields
 17756 | Lair:1   | Found the +8 whip "Snakebite" {venom, curare, rPois}
 18755 | Lair:2   | Noticed a seven-headed hydra
 18776 | Lair:1   | Reached XP level 12. HP: 99/99 MP: 0/0
 18890 | Lair:2   | Reached skill level 7 in Shields
 19184 | Lair:2   | Noticed a four-headed hydra
 19195 | Lair:2   | Killed a four-headed hydra
 19396 | Lair:2   | Noticed Fannar
 19407 | Lair:2   | Killed Fannar
 19408 | Lair:2   | Reached skill level 8 in Shields
 20005 | Lair:2   | Reached skill level 9 in Shields
 20106 | Lair:2   | Found a staircase to the Swamp.
 20375 | Lair:2   | Killed a seven-headed hydra
 20640 | Lair:2   | Noticed an eight-headed hydra
 20648 | Lair:2   | Killed an eight-headed hydra
 20649 | Lair:2   | Reached skill level 10 in Shields
 21135 | Lair:2   | Found a staircase to the Swamp.
 21770 | Lair:3   | Noticed a six-headed hydra
 21785 | Lair:3   | Killed a six-headed hydra
 21943 | Lair:3   | Reached skill level 11 in Shields
 21951 | Lair:3   | Reached XP level 13. HP: 93/104 MP: 0/0
 21951 | Lair:3   | Learned a level 5 spell: Alistair's Intoxication
 22592 | Lair:3   | Found a hole to the Spider Nest.
 22947 | Lair:3   | Noticed a boulder beetle
 22965 | Lair:3   | Killed a boulder beetle
 22966 | Lair:3   | Reached skill level 12 in Shields
 23607 | Lair:3   | Found a hole to the Spider Nest.
 24056 | D:6      | Bought an amulet of regeneration for 420 gold pieces
 24108 | D:7      | Bought a pair of bloodstained gloves for 218 gold pieces
 24108 | D:7      | Identified the +0 pair of gloves of the Circus Animal {rF+
                  | Str+2} (You bought it in a shop on level 7 of the Dungeon)
 25767 | Lair:5   | Reached skill level 13 in Shields
 25927 | Lair:5   | Noticed Snorg
 26113 | Lair:5   | Noticed Sonja
 26379 | Lair:5   | Killed Snorg
 26380 | Lair:5   | Reached skill level 10 in Fighting
 26380 | Lair:5   | Reached XP level 14. HP: 59/110 MP: 0/0
 26427 | Lair:5   | Found a runed translucent door.
 26428 | Lair:5   | Noticed Vig Uhad's ghost (journeyman OpTm)
 26429 | Lair:5   | Identified the +6 trident of the Four Priests {antimagic,
                  | rF+ rN+ Dex+3}
 26508 | Lair:5   | Killed Sonja
 27230 | Lair:6   | Entered Level 6 of the Lair of Beasts
 27230 | Lair:6   | Found a burning altar of Makhleb.
 27358 | Lair:6   | Reached skill level 5 in Dodging
 27806 | Lair:6   | Identified Kegiutoa's Reference Book on Stones
 28013 | Lair:6   | Reached skill level 10 in Spellcasting
 28110 | Lair:6   | Found a staircase to the Slime Pits.
 28820 | Lair:6   | Found a burning altar of Makhleb.
 28930 | Lair:6   | Found a staircase to the Slime Pits.
 29619 | D:10     | Entered Level 10 of the Dungeon
 29948 | D:10     | Found a large runed translucent door.
 29948 | D:10     | Found a large runed translucent door.
 30284 | D:10     | Found a burning altar of Makhleb.
 30284 | D:10     | Found a faded altar of an unknown god.
 30292 | D:10     | Found a hazy altar of Hepliaklqana.
 30294 | D:10     | Found a blossoming altar of Fedhas.
 30413 | D:10     | Found a shimmering altar of Xom.
 30481 | D:10     | Found an opulent altar of Gozag.
 30498 | D:10     | Found a snail-covered altar of Cheibriados.
 30515 | D:10     | Found an opulent altar of Gozag.
 30740 | D:10     | Found a shimmering altar of Xom.
 30838 | D:10     | Found a burning altar of Makhleb.
 30838 | D:10     | Found a faded altar of an unknown god.
 30848 | D:10     | Found a blossoming altar of Fedhas.
 30850 | D:10     | Found a hazy altar of Hepliaklqana.
 31089 | D:11     | Found a portal to a secret trove of treasure.
 31425 | D:11     | Found an ornate altar of the Wu Jian Council.
 31618 | D:11     | Reached XP level 15. HP: 117/117 MP: 0/0
 31618 | D:11     | Learned a level 6 spell: Simulacrum
 32368 | D:11     | Found a portal to a secret trove of treasure.
 32631 | D:11     | Found an ornate altar of the Wu Jian Council.
 32913 | D:12     | Noticed Kirke
 32922 | D:11     | Killed Kirke
 33998 | Orc:1    | Entered Level 1 of the Orcish Mines
 34067 | Orc:1    | Noticed Jorgrun
 34083 | Orc:1    | HP: 3/120 [constriction (14)]
 34084 | Orc:1    | HP: 1/120 [Jorgrun (16)]
 34084 | Orc:1    | Slain by Jorgrun

Illustrated notes

Levels and vault maps discovered:
D:1:      dpeg_arrival_windows_large_door, layout_loops_corners,
          chequers_ecumenical_altar_island
D:2:      layout_loops_ring, uniq_sigmund
D:3:      minmay_diamond_boxcup, layout_basic, st_stairs_2,
          kennysheep_generic_room_14
D:4:      layout_cave_pools, serial_glass, glass_columns_a, glass_columns_a,
          kennysheep_flooded_box, uniq_crazy_yiuf_cottage
D:5:      layout_basic, nicolae_ru_awakened_eye, guppyfry_shop_venom, uniq_pikel
D:6:      layout_rooms, lemuel_crystal_altar, minmay_temple_entry_antechambers,
          lightli_sewer_entry_pipes, hangedman_decor_lopped,
          nicolae_alphabet_shops
D:7:      layout_loops_cross, serial_shops,
          nicolae_shop_temple_entry_statues_fountains, serial_undead,
          serial_undead_e, serial_undead_a, serial_undead_d, serial_undead_f,
          serial_undead_f, serial_undead_b, minmay_gold_behind_fungi
D:8:      layout_basic
D:9:      layout_roguey, nicolae_qazlal_style_of_elements, erik_lair_island,
          hiddenorc2_lemuel
D:10:     layout_roguey, chequers_temple_overflow_minitemple, tgw_xom,
          jmf_multi_god_temple2, minmay_between
D:11:     layout_basic, nicolae_trove_entry_free_sample,
          nicolae_wu_jian_glorious_leap
D:12:     layout_basic, elves_outpost_lemuel, uniq_kirke
Lair:1:   minmay_guarded_unrand_snakebite, layout_hall_layers,
          grunt_megastairs_3, infiniplex_staircase_pool
Lair:2:   layout_cave_pods, nicolae_swamp_entry_splash_gauntlet,
          chequers_serial_rivers_room_a, lemuel_fruit_tree, uniq_fannar
Lair:3:   layout_cave_pods, nicolae_spider_entry_orb_guardian,
          beast_lair_carwin_4
Lair:4:   layout_regular_city, serial_bayou_pond_c, small_statue_intersection
Lair:5:   layout_roguey, ebering_ghost_funeral_grove, uniq_snorg, uniq_sonja
Lair:6:   hangedman_lair_in_review, layout_regular_city,
          minmay_slime_entry_eyes, basic_altar
Orc:1:    layout_caves, serial_shops, nicolae_shop_window_shopping, basic_altar,
          mines1_david, uniq_maurice, uniq_jorgrun

Skill      XL: |  1  2  3  4  5  6  7  8  9 10 11 12 13 14 15 |
---------------+----------------------------------------------+-----
Spellcasting   | 1 2 3 5 6 7 8 10 | 10.7
Fighting       | 3 4 5 7 9 10 | 10.7
Maces & Flails | 3 7 8 |  8.1
Shields        | 2 6 11 13 | 13.4
Armour         | 4 |  4.8
Dodging        | 4 7 8 |  8.9
Throwing       | |  3.2
Stealth        | |  0.7

Action                   |  1- 3 |  4- 6 |  7- 9 | 10-12 | 13-15 || total
-------------------------+-------+-------+-------+-------+-------++-------
Melee: Short sword       |    45 |       |       |       |       ||    45
       Dagger            |    57 |   137 |    15 |       |       ||   209
       Whip              |       |    25 |   127 |    11 |    70 ||   233
       Mace              |       |       |    53 |   494 |   621 ||  1168
       Punch             |       |       |       |     1 |       ||     1
Throw: Javelin           |       |       |     3 |       |     2 ||     5
       Dart              |       |       |       |       |     1 ||     1
 Cast: Blink             |       |       |     1 |       |       ||     1
       Animate Dead      |       |       |     1 |       |     3 ||     4
       Summon Guardian G |       |       |       |     5 |    31 ||    36
       Summon Lightning  |       |       |       |     9 |    43 ||    52
       Alistair's Intoxi |       |       |       |       |     3 ||     3
Invok: Curse Item        |       |       |     1 |     3 |     2 ||     6
       Shatter the Chain |       |       |       |       |     1 ||     1
  Use: Potion            |       |       |       |       |     1 ||     1
 Stab: Sleeping          |     2 |     1 |     3 |     5 |     4 ||    15
       Distracted        |       |       |       |     5 |     6 ||    11
Armor: Leather armour    |    22 |    47 |     5 |    96 |       ||   170
       Robe              |       |       |    75 |    48 |   109 ||   232
Dodge: Dodged            |    40 |    88 |   109 |   220 |   281 ||   738
       Repelled          |       |       |       |       |     7 ||     7
Block: Kite shield       |       |       |       |    95 |   386 ||   481
